 Dungeon Crawl Stone Soup version 0.27-a0-1500-g450c7e4133 (webtiles) character file.

Game seed: 6363192280032770909

122 funkygono the Magician (level 5, -3/35 HPs)
             Began as a Djinni Fire Elementalist on July 8, 2021.
             Shot with an arrow by a centaur (9 damage)
             ... on level 3 of the Dungeon.
             The game lasted 00:03:36 (2681 turns).

funkygono the Magician (Djinni Fire Elementalist)   Turns: 2681, Time: 00:03:36

Health: -3/35      AC:  3    Str:  7    XL:     5   Next: 27%
Gold:   53         EV: 13    Int: 17    God:
                   SH:  0    Dex: 14

rFire    + + .     SeeInvis .   c - +0 dagger
rCold    x . .     Faith    .   (no shield)
rNeg     + . .     Spirit   .   a - +1 robe
rPois    ∞         Reflect  .   (no helmet)
rElec    .         Harm     .   (no cloak)
rCorr    .         Rampage  .   (no gloves)
Will     .....                  (boots unavailable)
Stlth    ++........             (no amulet)
HPRegen  0.11/turn              d - ring of positive energy
MPRegen  0.00/turn              (no ring)

@: flying
A: sickness immunity, fire resistance 2, cold vulnerability 1, float, innate
caster, hp casting, extra vitality 1
a: no special abilities


You were on level 3 of the Dungeon.
You visited 1 branch of the dungeon, and saw 3 of its levels.

You collected 53 gold pieces.

Inventory:

Hand Weapons
 b - a +0 club
 c - a +0 dagger (weapon)
Armour
 a - a +1 robe (worn)
 e - a +0 leather armour
 l - a +0 scale mail
Jewellery
 d - a ring of positive energy (left hand)
 k - an amulet of regeneration
Scrolls
 i - a scroll of blinking {unknown}
Potions
 f - a potion of brilliance {unknown}
 g - 2 potions of berserk rage {unknown}
 h - a potion of ambrosia {unknown}
 j - 2 potions of curing {unknown}


   Skills:
 + Level 2.9 Dodging
 - Level 1.5 Stealth
 + Level 4.1 Spellcasting


You couldn't memorise any spells.
You knew the following spells:

 Your Spells              Type           Power      Damage    Failure   Level
a - Foxfire               Conj/Fire      68%        2x1d7     2%          1
b - Conjure Flame         Conj/Fire      17%        6-21      9%          3
c - Inner Flame           Hex/Fire       17%        N/A       9%          3
d - Sticky Flame          Conj/Fire      17%        2d4       28%         4
e - Fireball              Conj/Fire      8%         3d6       61%         5
f - Summon Small Mammal   Summ           68%        N/A       2%          1
g - Call Imp              Summ           17%        N/A       4%          2
Your spell library was empty.

Dungeon Overview and Level Annotations

Branches:
Dungeon (3/15)

Altars:


Innate Abilities, Weirdness & Mutations

You are immune to sickness and miasma.
You are immune to poison.
Your flesh is very heat resistant. (rF++)
You are vulnerable to cold. (rC-)
You float through the air rather than walking.
You learn spells naturally, not from books.
Your magical power is your life essence.
You have superior vitality. (+4 HP)


Message History

Casting: Foxfire (safe; 3% risk of failure)
Confirm with . or Enter, or press ? or * to list all spells.
You conjure some foxfire!
The adder hisses angrily.
The foxfire hits the adder but does no damage.
The foxfire hits the adder.
The adder is heavily wounded.
Casting: Foxfire (safe; 3% risk of failure)
Confirm with . or Enter, or press ? or * to list all spells.
You conjure some foxfire!
The foxfire hits the adder.
The adder is almost dead.
The foxfire hits the adder.
You kill the adder!
A centaur comes into view.
The centaur wields a +0 shortbow.
The centaur shoots an arrow.
The arrow closely misses you.
Casting: Foxfire (safe; 2% risk of failure)
Confirm with . or Enter, or press ? or * to list all spells.
The centaur shoots an arrow.
The arrow closely misses your bat. The arrow barely misses you.
Casting: Summon Small Mammal (safe; 2% risk of failure)
Confirm with . or Enter, or press ? or * to list all spells.
A beastly little devil appears in a puff of flame.
The centaur shoots an arrow.
The arrow barely misses your crimson imp.
The arrow hits you!
The centaur shoots an arrow.
The arrow closely misses your crimson imp.
The arrow hits you!
The centaur shoots an arrow.
The arrow completely misses your bat. The arrow hits you!
* * * LOW HITPOINT WARNING * * *
The centaur shoots an arrow.
The arrow hits your bat.
Your bat dies!
Your bat's corpse disappears in a puff of smoke!
The centaur shoots an arrow.
The arrow completely misses you.
Your crimson imp blinks!
The centaur shoots an arrow.
The arrow closely misses you.
The centaur shoots an arrow.
The arrow hits you!
You die...

.#........#
#............#.....#
.#........#
#.##.....###.#######
.....[....###.##.##.##....
....................>..#.##
)....##.#####.##.###5#.#.#
.###..#.#..........#.#.#.# .#
##.#..........#...#.#.#
#####.###.##........§..#.###.#
..........#.....@..§...c.....#
####.#.#†......#########.#####
#.#.........# ....
#.#.....##..# .......
#.#.........# ....#.###
..#.........# .....#.#
###....#....# ........#
#.#.......# ...c.... .
#:#.####..#


You could see a centaur.

Vanquished Creatures
  An iguana (D:2)
  5 adders
  A worm (D:2)
  2 bats
  2 endoplasms (D:1)
  3 giant cockroaches
  5 goblins
  2 hobgoblins
  10 jackals (D:2)
  4 kobolds
  2 quokkas (D:1)
  5 ball pythons
  A frilled lizard (D:2)
43 creatures vanquished.

Vanquished Creatures (collateral kills)
  A hobgoblin (D:3)
1 creature vanquished.

Vanquished Creatures (others)
  136 foxfires
136 creatures vanquished.

Grand Total: 180 creatures vanquished

Notes
Turn   | Place    | Note
-------+----------+-------------------------------------------
     0 | D:1      | funkygono the Djinni Fire Elementalist began the quest for
                  | the Orb.
     0 | D:1      | Reached XP level 1. HP: 15/15 MP: 0/0
   232 | D:1      | Reached XP level 2. HP: 20/21 MP: 0/0
   606 | D:1      | Reached skill level 3 in Spellcasting
   834 | D:1      | Reached XP level 3. HP: 23/25 MP: 0/0
   834 | D:1      | Learned a level 1 spell: Summon Small Mammal
   870 | D:1      | Found a faded altar of an unknown god.
  1540 | D:2      | Reached XP level 4. HP: 29/31 MP: 0/0
  2512 | D:3      | Reached XP level 5. HP: 28/35 MP: 0/0
  2512 | D:3      | Learned a level 2 spell: Call Imp
  2622 | D:3      | Reached skill level 4 in Spellcasting
  2671 | D:3      | Noticed a centaur
  2681 | D:3      | Shot with an arrow by a centaur

Illustrated notes

Levels and vault maps discovered:
D:1:      amcnicky_arrival_choice, layout_basic, basic_ecumenical_altar,
          st_stairs_14, chequers_big_river
D:2:      layout_loops_ring, guppyfry_early_lair_pool
D:3:      layout_basic, gammafunk_ghost_gnarly_gnolls, columned_hall_lemuel

Skill      XL: |  1  2  3  4  5 |
---------------+----------------+-----
Spellcasting   | 3 4 |  4.1
Dodging        | |  2.9
Stealth        | |  1.5

Action                   |  1- 3 |  4- 6 || total
-------------------------+-------+-------++-------
 Cast: Foxfire           |    46 |    32 ||    78
       Summon Small Mamm |       |     2 ||     2
       Call Imp          |       |     2 ||     2
  Use: Scroll            |     2 |     2 ||     4
Armor: Robe              |     2 |     5 ||     7
Dodge: Dodged            |     8 |    13 ||    21

Table legend: (Time is in decaauts)
 A = Elapsed time spent in this place.
 B = Non-inter-level travel time spent in this place.
 C = Inter-level travel time spent in this place.
 D = Time resting spent in this place.
 E = Time spent auto-exploring this place.
 F = Levels seen in this place.
 G = Mean time per level.
                   A        B        C        D        E       F      G
               +--------+--------+--------+--------+--------+-----+--------+
         Total |   2678 |   2649 |     29 |     93 |   2287 |   3 |  892.7 |
       Dungeon |   2678 |   2649 |     29 |     93 |   2287 |   3 |  892.7 |
               +--------+--------+--------+--------+--------+-----+--------+

Top non-repeatable levels by time:
     D:2: 1341 daAuts
     D:1: 1022 daAuts
     D:3: 314 daAuts
